 Dungeon Crawl Stone Soup version 0.26-a0-606-g3c8f2f65f7 (webtiles) character file.

Game seed: 6551141458294351054

75 MrRokkomies the Magician (level 3, 0/28 HPs)
             Began as a Demigod Wanderer on Sept 2, 2020.
             Succumbed to an adder's poison
             ... on level 2 of the Dungeon.
             The game lasted 00:05:42 (2094 turns).

MrRokkomies the Magician (Demigod Wanderer)         Turns: 2094, Time: 00:05:42

Health: 0/28       AC:  6    Str: 16    XL:     3   Next: 88%
Magic:  10/10      EV: 11    Int: 17    God:
Gold:   153        SH:  0    Dex: 15    Spells: 8/9 levels left

rFire    . . .     SeeInvis .   h - +2 short sword (drain)
rCold    . . .     Faith    .   (no shield)
rNeg     . . .     Spirit   .   d - +0 robe
rPois    .         Reflect  .   g - +1 hat
rElec    .         Harm     .   (no cloak)
rCorr    .                      (no gloves)
MR       .....                  f - +2 pair of boots
Stlth    +.........             (no amulet)
HPRegen  0.09/turn              (no ring)
MPRegen  0.12/turn              (no ring)

@: lethally poisoned (0 -> -12), stab
A: high mp 1
a: no special abilities


You were on level 2 of the Dungeon.
You visited 1 branch of the dungeon, and saw 2 of its levels.

You collected 153 gold pieces.

Inventory:

Hand Weapons
 a - a +0 club
 h - a +2 short sword of draining (weapon)
 l - a +1 whip of venom
Missiles
 k - 3 curare-tipped darts (quivered)
Armour
 d - a +0 robe (worn)
 f - a +2 pair of boots (worn)
 g - a +1 hat (worn)
Jewellery
 i - an uncursed ring of ice
Scrolls
 c - 3 scrolls of teleportation
 e - a scroll of blinking
 j - a scroll of fear
 m - a scroll of remove curse


   Skills:
 + Level 1.2 Fighting
 - Level 1.0 Throwing
 * Level 2.0 Armour
   Level 1.0 Shields
 - Level 3.6 Spellcasting
 * Level 2.0 Conjurations
   Level 1.0 Transmutations
   Level 2.6 Fire Magic


You had 8 spell levels left.
You knew the following spells:

 Your Spells              Type           Power        Failure   Level
a - Magic Dart            Conj           ##..         7%          1

Your spell library contained the following spells:

 Spells                   Type           Power        Failure   Level
 Pain                     Necr           #...         17%         1
 Conjure Flame            Conj/Fire      ##......     19%         3
 Blink                    Tloc           N/A          26%         2
 Call Imp                 Summ           #.......     26%         2
 Slow                     Hex            #.......     26%         2
 Mephitic Cloud           Conj/Pois/Air  #.......     36%         3
 Vampiric Draining        Necr           #.........   45%         3


Dungeon Overview and Level Annotations

Branches:
Dungeon (2/15)


Innate Abilities, Weirdness & Mutations

You have an increased reservoir of magic. (+10% MP)


Message History

There is an open door here.
There are monsters nearby!
The adder closely misses you. The quokka bites you.
You hit the adder.
The adder is severely wounded.
The adder bites you.
You are more poisoned.
The adder poisons you! The quokka misses you. The adder barely misses you.
You barely miss the adder.
The adder is severely wounded.
You feel sick. The quokka bites you.
* * * LOW HITPOINT WARNING * * *
The adder bites you.
* * * LOW HITPOINT WARNING * * *
You are more poisoned.
The adder poisons you! The quokka bites you.
* * * LOW HITPOINT WARNING * * *
It was a potion of stabbing.
You feel ready to backstab.
You die...

##.######8..# #...#.#.#.##.....#
.#.'......†# #...#.#.#(########
.#.#.......## #..##.#.#(#
.+.######8..# +..##.#.#(########
.### ####..####...#..<#.........
.# #..#'##..#...#...#.######## ##
#...†....#..##....)....#
#######........#Sr#......#.#.#
......#.[####..'@.#......#[#.#
#####.##########..####...#.#.#
.......#.......####......#.#.#
####...#.#####.####.##...#...#
####...#.# #.......#...######
<...#.##.##########..#........###
###.._.......# ####...###.....
###.#.###+#### #......# #.....
#...........# #...)..# #.....


You could see an adder and a quokka.

Vanquished Creatures
  2 adders (D:2)
  2 dart slugs (D:1)
  A leopard gecko (D:1)
  A ball python (D:1)
  7 giant cockroaches
  7 goblins
  3 hobgoblins (D:1)
  3 jackals (D:1)
  7 bats
  2 frilled lizards (D:2)
  11 kobolds
  2 rats
48 creatures vanquished.

Notes
Turn   | Place    | Note
-------+----------+-------------------------------------------
     0 | D:1      | MrRokkomies the Demigod Wanderer began the quest for the
                  | Orb.
     0 | D:1      | MrRokkomies set off with the following items: a +0 club, a
                  | scroll of teleportation, a +0 robe; and the following
                  | spells available to memorise: Magic Dart, Pain, Blink, Call
                  | Imp, Slow, Conjure Flame, Mephitic Cloud, Vampiric Draining
     0 | D:1      | Reached XP level 1. HP: 14/14 MP: 7/7
     2 | D:1      | Learned a level 1 spell: Magic Dart
   576 | D:1      | Reached XP level 2. HP: 16/22 MP: 0/9
   718 | D:1      | Reached skill level 1 in Conjurations
   720 | D:1      | Reached skill level 1 in Armour
  1154 | D:1      | Reached XP level 3. HP: 24/27 MP: 3/10
  1460 | D:2      | Reached skill level 1 in Fighting
  1563 | D:2      | Found an ornate altar of the Wu Jian Council.
  1714 | D:2      | Found a faded altar of an unknown god.
  2093 | D:2      | HP: 1/28 [quokka (4)]
  2094 | D:2      | Succumbed to an adder's poison

Illustrated notes

Levels and vault maps discovered:
D:1:      ncdulo_watergridlock, layout_basic, grunt_decor_resistance
D:2:      minmay_chambers_of_twos, layout_basic, lemuel_crystal_altar,
          chequers_ecumenical_altar_twisty, roderic_serpentine_path,
          minmay_misc_feat_rows

Skill      XL: |  1  2  3 |
---------------+----------+-----
Conjurations   | 1 2 |  2.0
Armour         | 1 2 |  2.0
Fighting       | 1 |  1.2
Throwing       | |  1.0
Shields        | |  1.0
Spellcasting   | |  3.6
Transmutations | |  1.0
Fire Magic     | |  2.6

Action                   || total
-------------------------++-------
Melee: Club              ||    22
       Short sword       ||    70
 Cast: Magic Dart        ||    67
  Use: Scroll            ||     8
       Potion            ||     1
 Stab: Sleeping          ||     2
Armor: Robe              ||    28
Dodge: Dodged            ||    82

Table legend: (Time is in decaauts)
 A = Elapsed time spent in this place.
 B = Non-inter-level travel time spent in this place.
 C = Inter-level travel time spent in this place.
 D = Time resting spent in this place.
 E = Time spent auto-exploring this place.
 F = Levels seen in this place.
 G = Mean time per level.
                   A        B        C        D        E       F      G
               +--------+--------+--------+--------+--------+-----+--------+
         Total |   2105 |   2065 |     40 |    166 |   1501 |   2 | 1052.5 |
       Dungeon |   2105 |   2065 |     40 |    166 |   1501 |   2 | 1052.5 |
               +--------+--------+--------+--------+--------+-----+--------+

Top non-repeatable levels by time:
     D:1: 1455 daAuts
     D:2: 650 daAuts
